[Event "79th ARM-ch 1st League 2018"]
[Site "Yerevan"]
[Date "2018.08.15"]
[Round "7"]
[White "Hayrapetyan, Hovik"]
[Black "Mikaelyan, Arman"]
[Result "1/2-1/2"]
[ECO "E16"]
[WhiteElo "2439"]
[BlackElo "2496"]
[Annotator "ChessBase"]
[PlyCount "135"]
[EventDate "2018.08.09"]
[EventType "tourn"]
[EventCountry "ARM"]
[SourceTitle "playchess.com"]
[Source "ChessBase"]
[SourceQuality "1"]
[TimeControl "40/5400+30:1800+30"]

1. Nf3 Nf6 2. c4 e6 3. d4 Bb4+ 4. Bd2 Qe7 5. Nc3 O-O 6. e3 d6 7. a3 Bxc3 8. Bxc3 Ne4 9. Qc2 Nxc3 10. Qxc3 Nd7 11. Be2 b6 12. O-O Bb7 13. Rfd1 f5 14. b4 Nf6 15. c5 Ne4 16. Qc2 bxc5 17. dxc5 dxc5 18. bxc5 Bd5 19. Nd4 Rad8 20. Rac1 Kh8 21. f3 Qg5 22. Rd3 Nf6 23. Qd2 Rb8 24. Qa5 e5 25. Nc2 Bxf3 26. Bxf3 e4 27. Bxe4 fxe4 28. Rd2 Qe5 29. h3 Nh5 30. Rcd1 Ng3 31. Nd4 Rbe8 32. Qc3 h5 33. Qc2 Rf6 34. Ne2 h4 35. Nf4 c6 36. Rd8 Kh7 37. Rxe8 Qxe8 38. Ne2 Nf5 39. Qc3 Qh5 40. Re1 Qg5 41. Nf4 Ng3 42. Qc4 Qe5 43. Rd1 Rf8 44. Kh2 Nf5 45. Qe6 Qxe6 46. Nxe6 Re8 47. Nd4 Rd8 48. Rb1 Nxd4 49. exd4 Rxd4 50. Rb7 Ra4 51. Rc7 e3 52. Kg1 Rxa3 53. Kf1 Ra2 54. Rxc6 Rf2+ 55. Kg1 Rf5 56. Re6 Rxc5 57. Rxe3 a5 58. Re4 g5 59. g3 Rc1+ 60. Kg2 Rc2+ 61. Kg1 hxg3 62. Ra4 Rc5 63. Kg2 Kg6 64. Kxg3 Kf5 65. h4 gxh4+ 66. Rxh4 Ke6 67. Kf3 Re5 68. Re4 1/2-1/2

[Event "79th ARM-ch 1st League 2018"]
[Site "Yerevan"]
[Date "2018.08.15"]
[Round "7"]
[White "Sargsyan, Tigran R"]
[Black "Gharibyan, Mamikon"]
[Result "0-1"]
[ECO "E15"]
[WhiteElo "2136"]
[BlackElo "2341"]
[Annotator "NA"]
[PlyCount "108"]
[EventDate "2018.08.09"]
[EventType "tourn"]
[EventCountry "ARM"]
[SourceTitle "playchess.com"]
[Source "ChessBase"]
[SourceQuality "1"]
[TimeControl "40/5400+30:1800+30"]

1. d4 Nf6 2. c4 e6 3. Nf3 b6 4. g3 Ba6 5. b3 Bb4+ 6. Bd2 Be7 7. Nc3 d5 8. cxd5 exd5 9. Bg2 O-O 10. O-O Re8 11. Qc2 {[%emt 0:02:58] E15: Queen's Indian: 4 g3 sidelines, 4 g3 Ba6 and 4 g3 Bb7 early deviations} Nbd7 (11... c5 12. Rfd1 Nc6 13. Be3 Rc8 14. Qf5 g6 15. Qf4 cxd4 16. Nxd4 Bd6 17. Nxc6 Rxc6 18. Qa4 Rxc3 19. Qxa6 Rcxe3 20. fxe3 {1-0 (55) Ivanchuk,V (2729)-Karjakin,S (2760) Medias 2017}) 12. Rfd1 {[%emt 0:06:47] LiveBook: 3 Partien} Rc8 13. Ne5 $146 ({Predecessor:} 13. Qb2 Bd6 14. Bg5 h6 15. Bxf6 Nxf6 16. e3 Qe7 17. a3 c6 18. b4 {½-½ (60) Goganov,A (2627)-Meribanov,V (2400) Riga 2016}) 13... c5 14. Nxd5 Bxe2 15. Re1 cxd4 16. Nc6 Ba3 17. Bb4 Nxd5 18. Bxd5 Rxc6 19. Bxc6 d3 20. Qc3 Bxb4 21. Qxb4 Ne5 22. Bg2 {[%emt 0:08:54] [#]} (22. Bxe8 $11 Nf3+ 23. Kg2) 22... h5 $1 ({Much worse is} 22... d2 $6 23. Red1 $11) 23. Qb5 {[%emt 0:04:28] [#]} (23. a3 $17 {kämpft weiter.}) 23... Ng4 $1 24. Bf1 Re5 25. Qc4 Rc5 26. Qf4 g5 27. Qe4 Re5 28. Qg2 Qd4 29. h3 d2 30. hxg4 dxe1=Q 31. Rxe1 {[%emt 0:00:35] [#]} Bf3 $1 32. Qxf3 (32. Rxe5 $17 Bxg2 33. Rxg5+ Kf8 34. Kxg2) 32... Rxe1 33. gxh5 Qd1 34. Qxd1 Rxd1 35. Kg2 g4 36. Bc4 Kg7 37. h6+ Kxh6 38. Bxf7 {[#]} b5 $1 39. Be6 Kg5 40. f4+ gxf3+ 41. Kxf3 b4 42. Ke2 Ra1 43. Kd3 Rxa2 44. Kc4 a5 45. Kb5 Kf6 $19 46. Bd7 Ke5 47. g4 Kd4 48. Be8 Kc3 49. Bf7 Rg2 50. Be6 Re2 51. Bf7 Re4 52. g5 Re5+ 53. Ka4 Rxg5 54. Bd5 Rg1 0-1

[Event "79th ARM-ch 1st League 2018"]
[Site "Yerevan"]
[Date "2018.08.17"]
[Round "8"]
[White "Hakobyan, Aram"]
[Black "Sargsyan, Tigran R"]
[Result "1/2-1/2"]
[ECO "A11"]
[WhiteElo "2545"]
[BlackElo "2136"]
[Annotator "ChessBase"]
[PlyCount "117"]
[EventDate "2018.08.09"]
[EventType "tourn"]
[EventCountry "ARM"]
[SourceTitle "playchess.com"]
[Source "ChessBase"]
[SourceQuality "1"]
[TimeControl "40/5400+30:1800+30"]

1. c4 c6 2. Nf3 d5 3. e3 Bf5 4. Qb3 Qc8 5. cxd5 cxd5 6. Nc3 e6 7. g4 Bg6 8. h4 Nc6 9. Qa4 h5 10. Ne5 Bh7 11. g5 Bd6 12. Nxc6 bxc6 13. b3 Ne7 14. Ba3 Qd7 15. Rc1 O-O 16. Ne2 Be4 17. Rh3 Bf5 18. Bxd6 Qxd6 19. Rg3 Bg4 20. f3 Nf5 21. Rxc6 Qe5 22. Rg1 Bxf3 23. Qf4 Qxf4 24. Nxf4 d4 25. Rc7 dxe3 26. dxe3 Rfc8 27. Rxc8+ Rxc8 28. Kf2 Bg4 29. Bc4 Rd8 30. g6 Rd2+ 31. Ke1 Rd1+ 32. Kf2 Rd2+ 33. Ke1 Rd1+ 34. Kf2 Rxg1 35. gxf7+ Kxf7 36. Bxe6+ Kf6 37. Kxg1 Nxe3 38. Bxg4 hxg4 39. Nh5+ Kg6 40. Ng3 Kf6 41. b4 Nc2 42. Nh5+ Kg6 43. Nf4+ Kf5 44. Nd3 Ke4 45. Nc5+ Kd5 46. Na6 Kc4 47. Kf2 Nxb4 48. Nxb4 Kxb4 49. Kg3 Ka3 50. Kxg4 Kxa2 51. Kg5 a5 52. Kg6 a4 53. Kxg7 a3 54. h5 Kb1 55. h6 a2 56. h7 a1=Q+ 57. Kg8 Kc2 58. h8=Q Qxh8+ 59. Kxh8 1/2-1/2

[Event "79th ARM-ch 1st League 2018"]
[Site "Yerevan"]
[Date "2018.08.17"]
[Round "8"]
[White "Sargsyan, Shant"]
[Black "Hayrapetyan, Hovik"]
[Result "1/2-1/2"]
[ECO "B41"]
[WhiteElo "2472"]
[BlackElo "2439"]
[Annotator "ChessBase"]
[PlyCount "209"]
[EventDate "2018.08.09"]
[EventType "tourn"]
[EventCountry "ARM"]
[SourceTitle "playchess.com"]
[Source "ChessBase"]
[SourceQuality "1"]
[TimeControl "40/5400+30:1800+30"]

1. e4 c5 2. Nf3 e6 3. d4 cxd4 4. Nxd4 a6 5. c4 Nf6 6. Nc3 Qc7 7. Be2 b6 8. O-O Bb7 9. Qd3 Bb4 10. Nd5 exd5 11. exd5 O-O 12. Nf5 Qe5 13. a3 Bc5 14. b4 Qxa1 15. Bf4 Qb2 16. Rb1 Qa2 17. bxc5 Re8 18. Bf1 Ne4 19. Qd4 f6 20. Rxb6 Qxa3 21. Rxb7 Qxc5 22. Qb2 a5 23. Rb5 Qa7 24. Be3 Qc7 25. f3 Nd6 26. Bb6 Nxc4 27. Bxc7 Nxb2 28. Rxb2 a4 29. Ra2 g6 30. Nd6 Re1 31. Nc4 Na6 32. Bd6 Rc8 33. Rxa4 Nc5 34. Bxc5 Rxc5 35. Kf2 Rc1 36. Ne3 f5 37. f4 Kf7 38. Be2 Rb1 39. Ra7 Ke7 40. Ra8 Rb4 41. g3 Rc3 42. Ra2 Rd4 43. Bf3 Rdd3 44. Re2 Kf6 45. Bg2 h6 46. Nf1 g5 47. fxg5+ hxg5 48. Nd2 g4 49. Nf1 Rd4 50. Ne3 Kg5 51. h4+ gxh3 52. Bxh3 f4 53. gxf4+ Rxf4+ 54. Ke1 Rd4 55. Bxd7 Rxe3 56. Rxe3 Rxd5 57. Bc6 Kf4 58. Rc3 Rd4 59. Ke2 Rb4 60. Kd3 Ke5 61. Ke3 Rb1 62. Bf3 Rb5 63. Ra3 Rc5 64. Be2 Rd5 65. Bc4 Rc5 66. Ra4 Kf5 67. Kd4 Re5 68. Bd3+ Kf6 69. Ra1 Re6 70. Be4 Rb6 71. Rf1+ Ke7 72. Bd5 Rf6 73. Ra1 Kd6 74. Ra5 Rf4+ 75. Be4 Rf6 76. Bf5 Kc7 77. Ke5 Kb6 78. Ra1 Rh6 79. Be6 Kc5 80. Rc1+ Kb4 81. Kd6 Rh4 82. Rc8 Rd4+ 83. Bd5 Rh4 84. Rb8+ Kc3 85. Rb3+ Kd2 86. Ke5 Ke2 87. Be4 Rh8 88. Kd4 Rd8+ 89. Bd5 Kf2 90. Rf3+ Ke2 91. Rf5 Rd6 92. Re5+ Kf2 93. Rg5 Rd8 94. Rg2+ Kf1 95. Ra2 Kg1 96. Ke4 Rd7 97. Rd2 Ra7 98. Kf4 Kf1 99. Bf3 Ke1 100. Rb2 Ra3 101. Kg3 Re3 102. Kf4 Rd3 103. Rh2 Rd2 104. Rxd2 Kxd2 105. Ke4 1/2-1/2

[Event "79th ARM-ch 1st League 2018"]
[Site "Yerevan"]
[Date "2018.08.17"]
[Round "8"]
[White "Gharibyan, Mamikon"]
[Black "Babujian, Levon"]
[Result "0-1"]
[ECO "D91"]
[WhiteElo "2341"]
[BlackElo "2459"]
[Annotator "RC"]
[PlyCount "122"]
[EventDate "2018.08.09"]
[EventType "tourn"]
[EventCountry "ARM"]
[SourceTitle "playchess.com"]
[Source "ChessBase"]
[SourceQuality "1"]
[TimeControl "40/5400+30:1800+30"]

1. d4 Nf6 2. c4 g6 3. Nc3 d5 4. Nf3 Bg7 5. Bg5 Ne4 6. Bh4 c5 7. cxd5 Nxc3 8. bxc3 cxd4 9. cxd4 Qxd5 10. e3 Nc6 11. Be2 O-O 12. O-O Bf5 13. Bg3 Rac8 14. Qb3 Qxb3 15. axb3 a6 16. Rfc1 Nb4 17. Rc4 Nc2 18. Rc1 b5 19. Rc7 Bh6 20. Kh1 Nb4 21. Ne5 Rxc7 22. Rxc7 Rc8 23. Rxc8+ Bxc8 24. Nd3 Nxd3 25. Bxd3 f5 26. Bc7 Kf7 27. Kg1 Ke6 28. Kf1 Bb7 29. h3 Kd7 30. Bb6 Bd5 31. b4 Kc6 32. Bc5 e5 33. g4 e4 34. Bc2 Bc4+ 35. Kg2 Kd5 36. gxf5 gxf5 37. f4 Bg7 38. Bd1 Bf6 39. Bh5 Ke6 40. Be8 Bh4 41. Bb6 Be1 42. Ba5 Kd6 43. Bh5 Bh4 44. Kg1 Be6 45. Bd1 Bf7 46. Kg2 Kc6 47. Kf1 Be7 48. Ke1 h5 49. Kd2 Bh4 50. Be2 Be7 51. Kc3 h4 52. Kd2 Bc4 53. Bh5 Bf1 54. Be8+ Kb7 55. Bd7 Bxh3 56. Ke2 Bg4+ 57. Kf1 h3 58. d5 Bh4 59. Bc6+ Ka7 60. d6 Bf3 61. Kg1 Bg3 0-1

[Event "79th ARM-ch 1st League 2018"]
[Site "Yerevan"]
[Date "2018.08.19"]
[Round "10"]
[White "Harutyunian, Tigran K"]
[Black "Babujian, Levon"]
[Result "1-0"]
[ECO "D38"]
[WhiteElo "2504"]
[BlackElo "2459"]
[Annotator "ChessBase"]
[PlyCount "97"]
[EventDate "2018.08.09"]
[EventType "tourn"]
[EventCountry "ARM"]
[SourceTitle "playchess.com"]
[Source "ChessBase"]
[SourceQuality "1"]
[TimeControl "40/5400+30:1800+30"]

1. d4 d5 2. Nf3 Nf6 3. c4 e6 4. Nc3 Bb4 5. g3 O-O 6. Bg2 dxc4 7. O-O Nc6 8. Qa4 a6 9. Rd1 Nd5 10. Qc2 Be7 11. e4 Ndb4 12. Qe2 Nd3 13. Be3 f5 14. exf5 exf5 15. d5 Ncb4 16. a3 f4 17. gxf4 Nxd5 18. Nxd5 Qxd5 19. b3 Qe4 20. Qc2 Nc5 21. Qc3 Qf5 22. b4 Nb3 23. Qxc4+ Be6 24. Qxc7 Nxa1 25. Qxe7 Nc2 26. Ng5 Rae8 27. Qxb7 Rd8 28. Rc1 Bd5 29. Qxa6 Bxg2 30. Kxg2 Qg4+ 31. Kh1 Rd1+ 32. Rxd1 Qxd1+ 33. Kg2 Qd5+ 34. Kg3 Ra8 35. Qe2 Nxa3 36. Bc5 Nc4 37. Qe7 Nd2 38. Bd4 Ne4+ 39. Qxe4 Ra3+ 40. f3 Qxe4 41. Nxe4 Rb3 42. Bc5 Kf7 43. f5 g6 44. f6 Ke6 45. b5 h6 46. b6 Rb1 47. Bd4 g5 48. b7 h5 49. Nxg5+ 1-0

[Event "79th ARM-ch 1st League 2018"]
[Site "Yerevan"]
[Date "2018.08.19"]
[Round "10"]
[White "Mikaelyan, Arman"]
[Black "Sargsyan, Tigran R"]
[Result "1/2-1/2"]
[ECO "D11"]
[WhiteElo "2496"]
[BlackElo "2136"]
[Annotator "ChessBase"]
[PlyCount "122"]
[EventDate "2018.08.09"]
[EventType "tourn"]
[EventCountry "ARM"]
[SourceTitle "playchess.com"]
[Source "ChessBase"]
[SourceQuality "1"]
[TimeControl "40/5400+30:1800+30"]

1. d4 d5 2. c4 c6 3. Nf3 Nf6 4. Qb3 dxc4 5. Qxc4 Bf5 6. g3 e6 7. Bg2 Nbd7 8. O-O Be7 9. e3 O-O 10. Qe2 Qc7 11. Rd1 e5 12. h3 exd4 13. Nxd4 Be4 14. Nc3 Bxg2 15. Kxg2 Rfe8 16. b3 Qa5 17. Bb2 Ba3 18. Bxa3 Qxa3 19. g4 Qa5 20. Rac1 Nb6 21. Nf5 Nbd5 22. Nxd5 Nxd5 23. Qb2 f6 24. Rd4 Rad8 25. b4 Qb6 26. Kg1 Re5 27. Qb3 g6 28. Ng3 Rde8 29. Rc5 Kg7 30. Qc4 R8e7 31. Ne2 Nc7 32. Nc3 Rxc5 33. bxc5 Qa5 34. h4 Nb5 35. Re4 Rxe4 36. Nxe4 Qd8 37. g5 fxg5 38. Nxg5 Qd1+ 39. Kh2 Qd5 40. Qf4 h6 41. Ne4 Qf5 42. Kg3 b6 43. a4 Qxf4+ 44. Kxf4 Na3 45. Ke5 Nc4+ 46. Ke6 Nb2 47. Nc3 Nd3 48. cxb6 axb6 49. Kd6 g5 50. hxg5 h5 51. Kxc6 Nxf2 52. Kxb6 h4 53. Ne2 h3 54. Ng3 h2 55. a5 Kg6 56. a6 Kxg5 57. a7 Kg4 58. Nh1 Nxh1 59. a8=Q Ng3 60. Qg8+ Kf3 61. Qd5+ Kxe3 1/2-1/2

[Event "79th ARM-ch 1st League 2018"]
[Site "Yerevan"]
[Date "2018.08.19"]
[Round "10"]
[White "Sargsyan, Shant"]
[Black "Hoghmrtsyan, Artur"]
[Result "1-0"]
[ECO "A13"]
[WhiteElo "2472"]
[BlackElo "2157"]
[Annotator "ChessBase"]
[PlyCount "127"]
[EventDate "2018.08.09"]
[EventType "tourn"]
[EventCountry "ARM"]
[SourceTitle "playchess.com"]
[Source "ChessBase"]
[SourceQuality "1"]
[TimeControl "40/5400+30:1800+30"]

1. Nf3 Nf6 2. c4 e6 3. g3 d5 4. Bg2 dxc4 5. Qa4+ c6 6. Qxc4 b5 7. Qb3 Bb7 8. O-O a6 9. a4 Nbd7 10. d4 c5 11. axb5 Bd5 12. Qd1 axb5 13. Rxa8 Qxa8 14. Bg5 b4 15. Bxf6 Nxf6 16. Qd3 c4 17. Qc2 Be7 18. Nbd2 b3 19. Qb1 O-O 20. Rc1 Rc8 21. Ne1 Qa4 22. e4 Bb7 23. Nef3 Nd7 24. Bf1 Nb6 25. Ne5 Ba6 26. Qa1 Bb4 27. Nxb3 cxb3 28. Bxa6 Qxa1 29. Rxa1 Ra8 30. Nd3 Be7 31. Nc1 e5 32. dxe5 Nd7 33. Nxb3 Nxe5 34. f4 Rb8 35. fxe5 Rxb3 36. Bc4 Bc5+ 37. Kh1 Rb8 38. Rf1 Rb7 39. e6 fxe6 40. Bxe6+ Kh8 41. Rf5 Bd6 42. Rd5 Rb6 43. Rd2 g6 44. Bc4 Kg7 45. Kg2 Kf6 46. b3 h5 47. h4 Rc6 48. Kf3 Rb6 49. Rd5 Rc6 50. Rb5 Bc7 51. Rd5 Bd6 52. g4 hxg4+ 53. Kxg4 Rb6 54. Kf3 Rc6 55. Ke3 Be5 56. Ke2 Rc7 57. Kf3 Rh7 58. Kg4 Rc7 59. Rd8 Rc5 60. Rf8+ Ke7 61. Rf7+ Kd6 62. Kg5 Bg3+ 63. Bd5 Rc1 64. Rf6+ {[%emt 0:00:17] Kxd5} 1-0

[Event "79th ARM-ch 1st League 2018"]
[Site "Yerevan"]
[Date "2018.08.19"]
[Round "10"]
[White "Hayrapetyan, Hovik"]
[Black "Hayrapetyan, Artavazd R"]
[Result "1-0"]
[ECO "D35"]
[WhiteElo "2439"]
[BlackElo "2371"]
[Annotator "NA"]
[PlyCount "155"]
[EventDate "2018.08.09"]
[EventType "tourn"]
[EventCountry "ARM"]
[SourceTitle "playchess.com"]
[Source "ChessBase"]
[SourceQuality "1"]
[TimeControl "40/5400+30:1800+30"]

1. d4 Nf6 2. c4 e6 3. Nc3 d5 4. cxd5 exd5 5. Bg5 c6 {[%emt 0:02:15] LiveBook: 3294 Games} 6. e3 Be7 7. Bd3 Be6 8. Nge2 Nh5 {[%emt 0:02:07] D35: Queen's Gambit Declined: Exchange Variation} 9. Bxe7 Qxe7 10. Qc2 Nd7 11. Rb1 a5 $146 ({Predecessor:} 11... g6 12. b4 a6 13. a4 O-O 14. O-O b5 {½-½ (14) Gavrikov,V (2560)-Hertneck,G (2524) Bad Wiessee 2003}) 12. a3 g6 13. O-O O-O 14. Na4 Ng7 15. Rfc1 Bf5 16. Nf4 Bxd3 17. Nxd3 Nf5 18. Nac5 Nd6 19. Nxd7 Qxd7 20. a4 Ra7 21. b3 Qe7 22. Rb2 Re8 23. Rcb1 Kg7 24. g3 g5 25. Qd1 Rh8 26. Qh5 h6 27. Ne5 Ne4 28. f3 Nd6 29. e4 Qe8 30. exd5 f6 (30... cxd5 $11 31. Rc2 b5) 31. Qxe8 Nxe8 32. Nd7 cxd5 33. Nb6 Nd6 34. g4 Rd8 35. Re1 ({Lieber} 35. Rc1 $16) 35... Ra6 36. Nxd5 Nf5 37. gxf5 Rxd5 38. Re7+ Kf8 39. Rxb7 Rxf5 40. Rc2 Ra8 41. Kg2 Rd5 (41... Rd8 {was worth a try.} 42. Rcc7 h5 43. Rf7+ Kg8) 42. Rc6 Rf5 43. Rb5 Rxb5 $16 44. axb5 Ke7 45. b6 a4 46. bxa4 Rxa4 47. Rc8 Rb4 48. Rb8 Kd7 49. b7 Kc7 50. Rh8 Kxb7 51. Rxh6 f5 52. Rf6 Rxd4 53. Rxf5 Kc6 54. Rxg5 Kd6 55. Rg4 Rd2+ 56. Kg3 Ke5 57. h4 Kf5 58. h5 Rd6 59. Rh4 Rh6 60. f4 Kf6 61. Kg4 Kg7 62. Kg5 Ra6 63. f5 Ra1 64. h6+ Kh7 65. Rd4 Rg1+ 66. Kf6 Re1 67. Rd7+ Kxh6 68. Rd2 Rh1 69. Rc2 Rh3 70. Rc1 Rh2 71. Re1 Rh3 72. Rd1 Rh2 73. Rd8 Kh7 74. Kf7 Ra2 75. f6 Ra1 76. Kf8 Ra7 77. f7 Ra4 78. Ke7 1-0

[Event "79th ARM-ch 1st League 2018"]
[Site "Yerevan"]
[Date "2018.08.19"]
[Round "10"]
[White "Davtyan, Artur"]
[Black "Poghosyan, Suren"]
[Result "1/2-1/2"]
[ECO "E10"]
[WhiteElo "2353"]
[BlackElo "2301"]
[Annotator "NA"]
[PlyCount "78"]
[EventDate "2018.08.09"]
[EventType "tourn"]
[EventCountry "ARM"]
[SourceTitle "playchess.com"]
[Source "ChessBase"]
[SourceQuality "1"]
[TimeControl "40/5400+30:1800+30"]

1. d4 Nf6 2. Nf3 e6 3. c4 c5 4. d5 b5 5. dxe6 fxe6 6. Nc3 {[%emt 0:00:04] E10: Blumenfeld Gambit} (6. cxb5 a6 7. bxa6 Bxa6 8. g3 Nc6 9. Bg2 Be7 10. O-O O-O 11. Nc3 Qe8 12. Re1 d5 13. Bh3 Bd8 14. Ng5 {0-1 (26) Inarkiev,E (2689)-Tregubov,P (2575) Riadh 2017}) 6... b4 7. Nb5 d6 8. a3 a6 9. axb4 Bb7 10. Na3 cxb4 11. Nc2 Nc6 $146 ({Predecessor:} 11... Nbd7 12. g3 Nc5 13. Bh3 d5 {½-½ (32) Williams,T (2325)-Schmidt,T (2344) ICCF email 2013}) 12. g3 d5 13. cxd5 b3 14. Ne3 Bb4+ 15. Bd2 Nxd5 16. Qxb3 Bxd2+ 17. Nxd2 Na5 18. Qa3 Nxe3 19. Qxe3 Bxh1 20. Qxe6+ Qe7 21. Qxe7+ Kxe7 22. Rxa5 Rhc8 {[%emt 0:04:13] [#]} (22... Rhb8 $11 {remains equal.}) 23. f3 $1 Rc1+ (23... g6 $16) 24. Kf2 Rc2 $16 25. Ne4 Rxb2 26. Rc5 Ra7 27. Bh3 a5 28. Re5+ Kd8 29. Ng5 a4 30. Ne6+ Ke7 31. Nf4+ Kf6 32. Rf5+ Ke7 33. Re5+ Kf6 34. Rf5+ Ke7 35. Re5+ Kd8 36. Ne6+ Ke7 37. Nf4+ Kd8 38. Ne6+ Kd7 39. Nf4+ Kd8 1/2-1/2

[Event "79th ARM-ch 1st League 2018"]
[Site "Yerevan"]
[Date "2018.08.19"]
[Round "10"]
[White "Gharibyan, Mamikon"]
[Black "Martirosyan, Garik"]
[Result "1/2-1/2"]
[ECO "D37"]
[WhiteElo "2341"]
[BlackElo "2145"]
[Annotator "NA"]
[PlyCount "87"]
[EventDate "2018.08.09"]
[EventType "tourn"]
[EventCountry "ARM"]
[SourceTitle "playchess.com"]
[Source "ChessBase"]
[SourceQuality "1"]
[TimeControl "40/5400+30:1800+30"]

1. d4 Nf6 2. Nf3 e6 3. c4 d5 4. Nc3 Be7 {[%emt 0:00:14] LiveBook: 19694 Games} 5. Bf4 O-O 6. Rc1 {[%emt 0:00:19] D37: Queen's Gambit Declined: 5 Bf4} (6. e3 Nbd7 7. a3 c5 8. cxd5 Nxd5 9. Nxd5 exd5 10. dxc5 Nxc5 11. Be5 Bf5 12. Be2 Bf6 13. O-O Be4 14. Rc1 Ne6 {0-1 (38) Mamedyarov,S (2799)-Carlsen,M (2837) Riadh 2017}) 6... Ne4 7. e3 Nxc3 8. bxc3 c5 9. Bd3 $146 ({Predecessor:} 9. Be2 dxc4 10. Bxc4 Qa5 11. O-O b5 12. Bd3 Bb7 13. Qc2 h6 {1-0 (43) Tran,M (2359)-Pujari,R (2171) Moscow 2018}) 9... Nc6 10. O-O dxc4 11. Bxc4 b6 12. Qe2 Bd6 13. Ne5 Qc7 14. Qf3 Bb7 15. Qg3 Ne7 16. Rfd1 Bd5 17. Bd3 c4 18. Nxc4 Bxf4 19. Qxf4 Qxf4 20. exf4 Rfc8 21. Ne3 Bxa2 22. c4 Bb3 23. Rd2 a5 24. Rb1 a4 25. g3 Ra7 26. f5 Nxf5 $17 27. Bxf5 exf5 28. d5 Rd7 29. d6 Rcd8 30. Nxf5 g6 31. Nd4 Bxc4 32. Rb4 Bd5 33. Nb5 Bc6 34. Ra2 Bxb5 35. Rxb5 Rxd6 36. Rxa4 Rc8 37. Rb2 Kg7 38. Ra7 h5 39. Rb7 Rcc6 40. h4 Rf6 41. Kg2 Rcd6 42. Rb8 Rc6 43. Rb7 Rcd6 44. Rb8 1/2-1/2

[Event "79th ARM-ch 1st League 2018"]
[Site "Yerevan"]
[Date "2018.08.20"]
[Round "11"]
[White "Hayrapetyan, Artavazd R"]
[Black "Davtyan, Artur"]
[Result "1-0"]
[ECO "A48"]
[WhiteElo "2371"]
[BlackElo "2353"]
[Annotator "NA"]
[PlyCount "83"]
[EventDate "2018.08.09"]
[EventType "tourn"]
[EventCountry "ARM"]
[SourceTitle "playchess.com"]
[Source "ChessBase"]
[SourceQuality "1"]
[TimeControl "40/5400+30:1800+30"]

1. Nf3 Nf6 2. d4 g6 3. e3 Bg7 4. Be2 b6 {[%emt 0:02:09] A48: 1 d4 Nf6 2 Nf3 g6: Torre, London and Colle Systems} (4... O-O 5. O-O d6 6. b3 e5 7. dxe5 Ng4 8. Bb2 Nc6 9. Nc3 Ngxe5 10. Qd2 Re8 11. Rad1 Nxf3+ 12. Bxf3 Ne5 13. Be2 Be6 14. Nb5 {½-½ (59) Kramnik,V (2792)-Vachier Lagrave,M (2789) Paris 2018}) 5. O-O Bb7 6. c4 O-O 7. b4 {[%emt 0:01:13] LiveBook: 3 Games} a5 $146 ({Predecessor:} 7... c5 8. bxc5 bxc5 9. Bb2 cxd4 10. exd4 Nc6 11. Nbd2 d5 {0-1 (38) Sai Agni,J (2384)-Narayanan,S (2532) Stockholm 2017}) 8. b5 Ne4 9. Bb2 d6 10. Qc2 Nd7 11. Nbd2 f5 12. a4 e6 13. Nb3 g5 14. Nfd2 Nxd2 15. Nxd2 g4 16. f3 Qg5 17. f4 Qh5 18. e4 $14 Nf6 19. Bd3 g3 20. h3 Ng4 21. Rf3 Qh4 22. Nf1 Nf2 23. d5 fxe4 24. Rxg3 e5 25. Qxf2 Rxf4 26. Rxg7+ Kxg7 27. Qxh4 Rxh4 28. Ng3 Rf8 29. Bxe4 Kg8 30. Bc1 h6 31. Bd2 Kh8 32. Re1 Bc8 33. Rf1 Rxf1+ 34. Kxf1 Kg7 35. Kf2 Bd7 36. Kf3 Kf6 37. Be3 Be8 38. Bd3 Bg6 39. Bxg6 Kxg6 40. Ne4 Kf7 41. g3 Rh5 42. Kg2 1-0

[Event "79th ARM-ch 1st League 2018"]
[Site "Yerevan"]
[Date "2018.08.20"]
[Round "11"]
[White "Poghosyan, Suren"]
[Black "Gharibyan, Mamikon"]
[Result "1-0"]
[ECO "E46"]
[WhiteElo "2301"]
[BlackElo "2341"]
[Annotator "NA"]
[PlyCount "94"]
[EventDate "2018.08.09"]
[EventType "tourn"]
[EventCountry "ARM"]
[SourceTitle "playchess.com"]
[Source "ChessBase"]
[SourceQuality "1"]
[TimeControl "40/5400+30:1800+30"]

1. d4 Nf6 2. c4 e6 3. Nc3 Bb4 4. e3 O-O 5. Nge2 Re8 6. a3 Bf8 7. d5 a5 8. g3 {[%emt 0:00:50] LiveBook: 38 Games E46: Nimzo-Indian: Rubinstein: 4 e3 0-0 5 Ne2 without early Bd3} (8. Ng3 Na6 9. Bd3 Nc5 10. Bc2 exd5 11. cxd5 b5 12. O-O Bb7 13. Qd4 b4 14. axb4 axb4 15. Rxa8 Qxa8 16. Qxb4 Nxd5 {1-0 (57) Ipatov,A (2613)-Eljanov,P (2723) Dubai 2014}) 8... Na6 9. Bg2 Nc5 10. b3 exd5 11. cxd5 b6 12. O-O Ba6 13. Ra2 Nd3 14. Rd2 Nxc1 15. Qxc1 Bc5 $146 ({Predecessor:} 15... b5) 16. Rfd1 Rc8 17. h3 Qe7 18. Ra2 g6 19. Nd4 Qe5 20. b4 Bxd4 21. Rxd4 c5 22. dxc6 dxc6 23. bxa5 c5 24. Rd1 Bc4 25. Rb2 bxa5 $14 26. Rb6 Rb8 27. f4 Qe7 28. Rxb8 Rxb8 29. e4 Rb3 30. e5 Nh5 31. Ne4 Be6 32. g4 Ng3 33. Nf6+ Kg7 34. Qd2 Rb8 35. Qd3 Bb3 36. Rb1 c4 37. Qxg3 Qxa3 38. g5 Rd8 39. Kh2 Qa2 40. Rg1 Qd2 41. Qh4 Kf8 42. Ne4 Qe3 43. Re1 Qb6 44. Qxh7 a4 45. Nd6 c3 46. e6 Bxe6 47. Rxe6 Rxd6 1-0

[Event "79th ARM-ch 1st League 2018"]
[Site "Yerevan"]
[Date "2018.08.20"]
[Round "11"]
[White "Sargsyan, Tigran R"]
[Black "Sargsyan, Shant"]
[Result "1/2-1/2"]
[ECO "D38"]
[WhiteElo "2136"]
[BlackElo "2472"]
[Annotator "RC"]
[PlyCount "143"]
[EventDate "2018.08.09"]
[EventType "tourn"]
[EventCountry "ARM"]
[SourceTitle "playchess.com"]
[Source "ChessBase"]
[SourceQuality "1"]
[TimeControl "40/5400+30:1800+30"]

1. d4 Nf6 2. Nf3 d5 3. c4 e6 4. Nc3 Bb4 5. e3 O-O 6. Bd2 Re8 7. Bd3 b6 8. cxd5 exd5 9. Rc1 a6 10. Ne5 Bb7 11. O-O Bf8 12. f4 c5 13. Be1 Nc6 14. Bf2 Rc8 15. Qf3 b5 16. Bf5 Rc7 17. Bh4 Be7 18. Rcd1 g6 19. Bb1 cxd4 20. exd4 Ne4 21. Bxe7 Nxe7 22. Nxe4 dxe4 23. Bxe4 Bxe4 24. Qxe4 Qd5 25. Qxd5 Nxd5 26. Rd2 Rd8 27. g3 f6 28. Nf3 Kf7 29. Re1 a5 30. Ree2 Rc1+ 31. Kf2 b4 32. a3 bxa3 33. bxa3 Rc3 34. a4 Rc4 35. Rb2 Rd7 36. Rec2 Rxa4 37. Ra2 Rxa2 38. Rxa2 Ra7 39. Ra3 a4 40. Ke2 Rc7 41. Kd2 Nb6 42. Ra2 Nc4+ 43. Kd3 a3 44. Ne1 Nb2+ 45. Ke2 Re7+ 46. Kd2 Nc4+ 47. Kd3 Rxe1 48. Kxc4 Re3 49. d5 Ke7 50. Kd4 Rb3 51. Kc4 Re3 52. Kd4 Rf3 53. Re2+ Kd7 54. Re6 a2 55. Ra6 Rf2 56. Ra7+ Kd6 57. Ra6+ Kc7 58. d6+ Kb7 59. Ra3 Kc6 60. Ra6+ Kd7 61. Kc5 Rxh2 62. Ra7+ Ke6 63. Re7+ Kf5 64. Ra7 h5 65. Kc6 Rc2+ 66. Kd7 g5 67. fxg5 fxg5 68. Ke8 Re2+ 69. Kf7 Rd2 70. Ke7 Re2+ 71. Kf7 Rd2 72. Ke7 1/2-1/2